 Dungeon Crawl Stone Soup version 0.26-a0-665-gefeb406119 (webtiles) character file.

Game seed: 4183352302223209602

671 lunkers the Chiller (level 7, -2/36 HPs)
             Began as a Kobold Ice Elementalist on Oct 15, 2020.
             Slain by a centaur zombie (4 damage)
             ... on level 6 of the Dungeon.
             The game lasted 00:10:10 (6491 turns).

lunkers the Chiller (Kobold Ice Elementalist)       Turns: 6491, Time: 00:10:11

Health: -2/36      AC:  5    Str:  6    XL:     7   Next: 89%
Magic:  12/14      EV: 15    Int: 18    God:
Gold:   359        SH:  0    Dex: 15    Spells: 5/16 levels left

rFire    . . .     SeeInvis .   (weapon restricted)
rCold    . . .     Faith    .   (shield restricted)
rNeg     . . .     Spirit   .   a - +0 robe
rPois    .         Reflect  .   (no helmet)
rElec    .         Harm     .   c - +0 cloak
rCorr    .         Rampage  .   j - +0 pair of gloves
MR       .....                  t - +0 pair of boots
Stlth    +++.......             (no amulet)
HPRegen  0.12/turn              e - ring of wizardry
MPRegen  0.14/turn              (no ring)

@: no status effects
A: small, nightstalker 3
a: no special abilities


You were on level 6 of the Dungeon.
You visited 2 branches of the dungeon, and saw 7 of its levels.

You collected 359 gold pieces.

Inventory:

Missiles
 h - 26 poisoned darts (quivered)
Armour
 a - a +0 robe (worn)
 c - a +0 cloak (worn)
 j - a +0 pair of gloves (worn)
 t - a +0 pair of boots (worn)
Jewellery
 e - a ring of wizardry (left hand)
Wands
 u - a wand of iceblast (15)
Scrolls
 d - a scroll of enchant armour {unknown}
 g - 2 scrolls of teleportation
 i - a scroll of enchant weapon
 k - a scroll of fog {unknown}
 m - a scroll of remove curse
 n - 4 scrolls of identify {unknown}
 o - 2 scrolls of fear {unknown}
 q - a scroll of amnesia {unknown}
 s - a scroll of immolation {unknown}
Potions
 b - 3 potions of haste {unknown}
 f - 3 potions of curing {unknown}
 l - 2 potions of might {unknown}
 p - a potion of lignification {unknown}
 r - a potion of brilliance {unknown}


   Skills:
 - Level 2.4 Dodging
 - Level 2.6 Stealth
 + Level 5.0 Spellcasting
 * Level 7.8 Ice Magic


You had 5 spell levels left.
You knew the following spells:

 Your Spells              Type           Power        Failure   Level
a - Freeze                Ice            ####         1%          1
b - Frozen Ramparts       Ice            ####..       1%          3
c - Ozocubu's Armour      Ice            ####....     1%          3
d - Summon Ice Beast      Ice/Summ       ###.....     11%         4

Your spell library contained the following spells:

 Spells                   Type           Power        Failure   Level
 Hailstorm                Conj/Ice       ###.....     11%         4


Dungeon Overview and Level Annotations

Branches:
Dungeon (6/15)             Temple (1/1) D:4

Altars:
Ashenzari
Dithmenos
Elyvilon
Gozag
Hepliaklqana
Kikubaaqudgha
Makhleb
Nemelex Xobeh
Okawaru
Qazlal
Sif Muna
Wu Jian
Xom
Yredelemnul

Shops:
D:4 *

Annotations:
D:5 exclusion: door


Innate Abilities, Weirdness & Mutations

You are small and have problems with some larger weapons.
You are completely attuned to the shadows.


Message History

The centaur zombie is severely damaged.
The centaur zombie hits you but does no damage.
You hit the centaur zombie but do no damage.
The centaur zombie is severely damaged.
The centaur zombie hits you but does no damage.
You hit the centaur zombie.
The centaur zombie is severely damaged.
The centaur zombie hits you but does no damage.
The centaur zombie hits you.
* * * LOW HITPOINT WARNING * * *
Evoke which item? (* to show all) (? for menu, Esc to quit)
Okay, then.
Your icy armour cracks and falls away as you move.
Evoke which item? (* to show all) (? for menu, Esc to quit)
Press: ? - help, Shift-Dir - straight line
Okay, then.
Okay, then.
The centaur zombie closely misses you. The centaur zombie hits you.
You die...

##################
..................
##########.#####...#####
#.....(@Z..# #...#####
#.########.# #........
#.# #.# ##..####. ####.#
#.# ####..### #....# #..
.[......## #<####
####.....# #.#
.....#.#.. #.# ###.##w#
. #.# #.(..†


You could see a centaur zombie.

Vanquished Creatures
  Eustachio (D:5)
  4 hounds
  3 jellies
  An iguana (D:4)
  2 worker ants (D:5)
  2 gnolls (D:2)
  10 adders
  An ufetubus (D:4)
  An ooze (D:2)
  3 worms
  6 leopard geckos
  5 orcs
  A ball python (D:1)
  7 giant cockroaches
  7 hobgoblins
  19 jackals
  4 quokkas (D:2)
  8 bats
  6 frilled lizards
  17 goblins
  4 kobolds
  A quokka skeleton (D:3)
  10 rats
123 creatures vanquished.

Notes
Turn   | Place    | Note
-------+----------+-------------------------------------------
     0 | D:1      | lunkers the Kobold Ice Elementalist began the quest for the
                  | Orb.
     0 | D:1      | Reached XP level 1. HP: 10/10 MP: 3/3
   253 | D:1      | Reached XP level 2. HP: 8/15 MP: 0/5
   833 | D:1      | You fall into a shaft and drop 1 floor!
   897 | D:2      | Reached XP level 3. HP: 19/19 MP: 2/6
  1624 | D:1      | Reached XP level 4. HP: 24/24 MP: 6/8
  1728 | D:1      | Reached skill level 5 in Ice Magic
  2313 | D:2      | Found an ornate altar of the Wu Jian Council.
  2450 | D:2      | Reached XP level 5. HP: 14/28 MP: 1/9
  2903 | D:2      | Found an opulent altar of Gozag.
  3242 | D:2      | Found a burning altar of Makhleb.
  3580 | D:3      | Reached skill level 6 in Ice Magic
  3580 | D:3      | Reached XP level 6. HP: 25/32 MP: 5/11
  4595 | D:4      | Learned a level 3 spell: Frozen Ramparts
  4599 | D:4      | Learned a level 3 spell: Ozocubu's Armour
  4604 | D:4      | Learned a level 4 spell: Summon Ice Beast
  4754 | D:4      | Found Aheic's General Store.
  4906 | D:4      | Found a stormy altar of Qazlal.
  4951 | D:4      | Found a shimmering altar of Xom.
  5103 | D:4      | Found a staircase to the Ecumenical Temple.
  5229 | Temple   | Entered the Ecumenical Temple
  5657 | D:5      | Entered Level 5 of the Dungeon
  5660 | D:5      | Reached XP level 7. HP: 26/36 MP: 9/13
  5834 | D:5      | Reached skill level 7 in Ice Magic
  6109 | D:5      | Noticed Eustachio
  6119 | D:5      | Killed Eustachio
  6214 | D:5      | Found a basalt altar of Yredelemnul.
  6443 | D:6      | Reached skill level 5 in Spellcasting
  6485 | D:6      | HP: 1/36 [centaur zombie (4)]
  6491 | D:6      | Slain by a centaur zombie

Illustrated notes

Levels and vault maps discovered:
D:1:      lemuel_arrival_cross, layout_loops_corners, supply_closet_lemuel,
          minmay_liquid_box, moated_statue, minmay_pentomino_x2
D:2:      layout_basic, lemuel_doored_altar, lightli_temple_of_fire,
          nicolae_gozag_cash_rules_everything_around_me, minmay_circled_x
D:3:      layout_basic
D:4:      layout_basic, grunt_qazlal_clouds, temple_doors_ab, serial_shops,
          nicolae_shop_temple_entry_statues_fountains, xom_teletrap_fun
D:5:      layout_gridville, yredelemnul_forgotten_temple_becter, uniq_eustachio
D:6:      layout_loops_ring, marbit_many_paths, small_statue_intersection
Temple:   dpeg_three_leaves_temple

Skill      XL: |  1  2  3  4  5  6  7 |
---------------+----------------------+-----
Ice Magic      | 5 6 7 |  7.8
Spellcasting   | 3 4 5 |  5.0
Dodging        | |  2.4
Stealth        | |  2.6

Action                   |  1- 3 |  4- 6 |  7- 9 || total
-------------------------+-------+-------+-------++-------
Melee: Unarmed           |    23 |     8 |    35 ||    66
 Cast: Freeze            |    47 |   127 |    25 ||   199
       Frozen Ramparts   |       |       |     4 ||     4
       Ozocubu's Armour  |       |       |     1 ||     1
  Use: Scroll            |       |       |     3 ||     3
Armor: Robe              |    14 |    18 |    19 ||    51
Dodge: Dodged            |    71 |    80 |    41 ||   192

Table legend: (Time is in decaauts)
 A = Elapsed time spent in this place.
 B = Non-inter-level travel time spent in this place.
 C = Inter-level travel time spent in this place.
 D = Time resting spent in this place.
 E = Time spent auto-exploring this place.
 F = Levels seen in this place.
 G = Mean time per level.
                   A        B        C        D        E       F      G
               +--------+--------+--------+--------+--------+-----+--------+
         Total |   6491 |   6264 |    227 |     90 |   5297 |   7 |  927.3 |
       Dungeon |   6402 |   6176 |    226 |     90 |   5226 |   6 | 1067.0 |
        Temple |     88 |     88 |      0 |      0 |     71 |   1 |   88.0 |
               +--------+--------+--------+--------+--------+-----+--------+

Top non-repeatable levels by time:
     D:1: 1740 daAuts
     D:2: 1624 daAuts
     D:3: 1153 daAuts
     D:4: 1101 daAuts
     D:5: 638 daAuts
     D:6: 144 daAuts
  Temple: 88 daAuts
